 Dungeon Crawl Stone Soup version 0.27-a0-1105-g946c659c87 (console) character file.

Game seed: 14787152899301108397

445 GreatCaesar the Vexing (level 6, -5/30 HPs)
             Began as a Spriggan Arcane Marksman on Apr 30, 2021.
             Slain by Eustachio
             ... wielding a +1 rapier of electrocution
              (10 damage)
             ... on level 4 of the Dungeon.
             The game lasted 00:23:41 (4670 turns).

GreatCaesar the Vexing (Spriggan Arcane Marksman)   Turns: 4670, Time: 00:23:42

Health: -5/30      AC:  2    Str:  6    XL:     6   Next: 72%
Magic:  4/12       EV: 17    Int: 17    God:
Gold:   102        SH:  0    Dex: 15    Spells: 7/11 levels left

rFire    . . .     SeeInvis +   b - +4 dagger
rCold    . . .     Faith    .   (shield restricted)
rNeg     . . .     Spirit   .   e - +0 robe
rPois    .         Reflect  .   (helmet restricted)
rElec    .         Harm     .   (no cloak)
rCorr    .         Rampage  .   (gloves unavailable)
Will     ++...                  (boots unavailable)
Stlth    +.........             (no amulet)
HPRegen  0.10/turn              v - ring of willpower
MPRegen  0.13/turn              (no ring)

@: very quick
A: very small, no large weapons, unfitting armour, see invisible, speed 3
a: no special abilities


You were on level 4 of the Dungeon.
You visited 1 branch of the dungeon, and saw 4 of its levels.

You collected 102 gold pieces.

Inventory:

Hand Weapons
 a - a +0 hunting sling
 b - a +4 dagger (weapon)
 d - a +3 trident
 f - a +0 club
 t - a +3 mace
 u - a +0 short sword
 A - a +1 dagger of freezing
 F - a +1 scimitar of holy wrath
Missiles
 c - 57 stones (quivered)
 w - 21 sling bullets
 x - 3 poisoned darts
Armour
 e - a +0 robe (worn)
Magical Staves
 l - a staff of death
Jewellery
 v - a ring of willpower (left hand)
Wands
 C - a wand of polymorph (9)
 E - a wand of iceblast (10)
Scrolls
 g - a scroll of silence {unknown}
 h - a scroll of enchant armour {unknown}
 j - a scroll of identify {unknown}
 k - a scroll of magic mapping {unknown}
 n - 2 scrolls of fog {unknown}
 q - 2 scrolls of immolation {unknown}
 r - a scroll of fear {unknown}
 s - a scroll of teleportation {unknown}
 y - a scroll of noise {unknown}
Potions
 i - a potion of lignification {unknown}
 m - 3 potions of ambrosia {unknown}
 o - a potion of magic {unknown}
 p - a potion of attraction {unknown}
 B - a potion of flight {unknown}
 D - a potion of cancellation {unknown}
Miscellaneous
 z - a box of beasts


   Skills:
 + Level 1.3 Fighting
 * Level 0.9 Short Blades
 - Level 2.4 Slings
 + Level 3.2 Dodging
 + Level 3.4 Spellcasting
 - Level 5.1 Hexes
 - Level 4.0 Transmutations
 * Level 3.8 Poison Magic


You had 7 spell levels left.
You knew the following spells:

 Your Spells              Type           Power      Damage    Failure   Level
a - Sting                 Tmut/Pois      64%        1d6       3%          1
c - Corona                Hex            22%        N/A       1%          1
s - Slow                  Hex            20%        N/A       3%          2

Your spell library contained the following spells:

 Spells                   Type           Power      Damage    Failure   Level
 Apportation              Tloc           4%         N/A       17%         1
 Inner Flame              Hex/Fire       11%        N/A       17%         3
 Portal Projectile        Hex/Tloc       22%        N/A       17%         3
 Cause Fear               Hex            10%        N/A       21%         4
 Teleport Other           Tloc           2%         N/A       45%         3
 Leda's Liquefaction      Hex/Erth       5%         N/A       50%         4
 Dragon Form              Tmut           8%         N/A       100%        7
 Malign Gateway           Summ/Tloc      1%         N/A       100%        7


Dungeon Overview and Level Annotations

Branches:
Dungeon (4/15)
 Temple: D:4-7

Altars:
Gozag
The Shining One

Annotations:
D:4 Eustachio


Innate Abilities, Weirdness & Mutations

You are very small and have problems with some larger weapons.
You are too small for most types of armour.
You have supernaturally acute eyesight. (SInv)
You cover ground extremely quickly. (Speed+++)


Message History

Press: ? - help, Shift-Dir - straight line, f - Eustachio
Aim: Eustachio, wielding a +1 rapier of electrocution and wearing a +0 leather armour (64% to hit)
The sting hits Eustachio.
Eustachio is poisoned.
Eustachio is lightly wounded.
Casting: Sting (safe; 3% risk of failure)
Confirm with . or Enter, or press ? or * to list all spells.
Aiming: Sting (safe; 3% risk of failure)
Press: ? - help, Shift-Dir - straight line, f/p - Eustachio
Aim: Eustachio, wielding a +1 rapier of electrocution and wearing a +0 leather armour (lightly wounded, poisoned, 64% to hit)
The sting hits Eustachio but does no damage.
Eustachio looks even sicker.
Eustachio is lightly wounded.
Casting: Sting (safe; 3% risk of failure)
Confirm with . or Enter, or press ? or * to list all spells.
Aiming: Sting (safe; 3% risk of failure)
Press: ? - help, Shift-Dir - straight line, f/p - Eustachio
Aim: Eustachio, wielding a +1 rapier of electrocution and wearing a +0 leather armour (lightly wounded, very poisoned, 64% to hit)
The sting hits Eustachio.
Eustachio looks even sicker.
Eustachio is lightly wounded.
Eustachio completely misses you.
Casting: Sting (safe; 3% risk of failure)
Confirm with . or Enter, or press ? or * to list all spells.
Aiming: Sting (safe; 3% risk of failure)
Press: ? - help, Shift-Dir - straight line, f - river rat, p - Eustachio
Aim: a river rat (summoned, 71% to hit)
The sting hits the river rat.
The river rat is poisoned.
The river rat is lightly wounded.
Eustachio hits you with a +1 rapier of electrocution.
You are electrocuted!!
Ouch! That really hurt!
* * * LOW HITPOINT WARNING * * *
Casting: Sting (safe; 3% risk of failure)
Confirm with . or Enter, or press ? or * to list all spells.
Aiming: Sting (safe; 3% risk of failure)
Press: ? - help, Shift-Dir - straight line, f - Eustachio, p - river rat
Aim: Eustachio, wielding a +1 rapier of electrocution and wearing a +0 leather armour (lightly wounded, very poisoned, 64% to hit)
The sting hits Eustachio.
Eustachio looks as sick as possible!
Eustachio is moderately wounded.
Eustachio hits you with a +1 rapier of electrocution!
You die...

# #.# #. #.# .. #.#
#.#.#<####### #.#
r.r...r.g.).# ########.#####
#.#.#.#####.# #.....[....<.#
.. #.# ##.######.###.# ...
######.###...#####.##... ###
#.....@@.r..............
###.##.########...########...
...........r......## ##..
################### ###


You could see Eustachio (extremely poisoned) and a river rat (summoned,
poisoned).

Vanquished Creatures
  A scorpion (D:4)
  4 wights
  A howler monkey (D:4)
  An orc priest (D:4)
  An iguana (D:4)
  A hound zombie (D:3)
  4 adders
  A worm (D:3)
  3 dart slugs
  4 orcs
  4 ball pythons
  2 bats (D:1)
  6 endoplasms
  5 giant cockroaches
  8 goblins
  4 hobgoblins
  5 jackals (D:3)
  7 kobolds
  4 quokkas
  3 frilled lizards
  5 rats
74 creatures vanquished.

Notes
Turn   | Place    | Note
-------+----------+-------------------------------------------
     0 | D:1      | GreatCaesar the Spriggan Arcane Marksman began the quest
                  | for the Orb.
     0 | D:1      | Reached XP level 1. HP: 9/9 MP: 3/3
   102 | D:1      | Reached skill level 4 in Hexes
   158 | D:1      | Reached XP level 2. HP: 12/14 MP: 5/5
  1231 | D:2      | Reached XP level 3. HP: 17/17 MP: 6/6
  1327 | D:2      | Reached skill level 1 in Fighting
  1327 | D:2      | Reached skill level 5 in Hexes
  1348 | D:2      | Found an opulent altar of Gozag.
  1521 | D:2      | Identified the Handbook of Shifting Dislocation
  1525 | D:2      | Learned a level 1 spell: Sting
  2514 | D:3      | Reached skill level 1 in Poison Magic
  2514 | D:3      | Reached XP level 4. HP: 8/22 MP: 5/7
  2521 | D:3      | Learned a level 2 spell: Slow
  2900 | D:2      | Reached XP level 5. HP: 23/25 MP: 4/8
  3059 | D:3      | Found a faded altar of an unknown god.
  3803 | D:3      | Found a glowing golden altar of the Shining One.
  3999 | D:3      | Reached XP level 6. HP: 20/30 MP: 3/10
  4633 | D:4      | Noticed Eustachio
  4670 | D:4      | Slain by Eustachio

Illustrated notes

Levels and vault maps discovered:
D:1:      matt_arrival_refuge, layout_loops_corners
D:2:      layout_loops_ring, basic_altar
D:3:      minmay_octagon_keep, layout_basic, marbit_many_paths,
          hellmonk_ecumenical_altar_heavens_door
D:4:      layout_loops_ring, portal_sewer_entry_d, uniq_eustachio

Skill      XL: |  1  2  3  4  5  6 |
---------------+-------------------+-----
Hexes          | 4 5 |  5.1
Fighting       | 1 |  1.3
Dodging        | 3 |  3.2
Transmutations | 2 4 |  4.0
Poison Magic   | 1 2 3 |  3.8
Spellcasting   | 2 3 |  3.4
Short Blades   | |  0.9
Slings         | |  2.4

Action                   |  1- 3 |  4- 6 || total
-------------------------+-------+-------++-------
Melee: Dagger            |       |    32 ||    32
 Fire: Hunting sling     |   158 |    64 ||   222
 Cast: Corona            |    10 |    16 ||    26
       Slow              |       |     5 ||     5
       Sting             |       |    75 ||    75
Armor: Robe              |     2 |     6 ||     8
Dodge: Dodged            |    40 |    51 ||    91

Table legend: (Time is in decaauts)
 A = Elapsed time spent in this place.
 B = Non-inter-level travel time spent in this place.
 C = Inter-level travel time spent in this place.
 D = Time resting spent in this place.
 E = Time spent auto-exploring this place.
 F = Levels seen in this place.
 G = Mean time per level.
                   A        B        C        D        E       F      G
               +--------+--------+--------+--------+--------+-----+--------+
         Total |   3526 |   3349 |    177 |    670 |   1610 |   4 |  881.5 |
       Dungeon |   3526 |   3349 |    177 |    670 |   1610 |   4 |  881.5 |
               +--------+--------+--------+--------+--------+-----+--------+

Top non-repeatable levels by time:
     D:3: 1483 daAuts
     D:2: 911 daAuts
     D:1: 799 daAuts
     D:4: 332 daAuts
